 Dungeon Crawl Stone Soup version 0.31-a0-1529-g7bd419a0e5 (webtiles) character file.

Game seed: 1166072484024541422

91529 croobank the Spry (level 15, 0/84 HPs)
             Began as a Felid Summoner on Dec 31, 2023.
             Was an Initiate of Gozag.
             Slain by Snorg (3 damage)
             ... on level 14 of the Dungeon.
             The game lasted 02:50:28 (31109 turns).

croobank the Spry (Felid Summoner)                 Turns: 31109, Time: 02:50:29

Health: 0/84       AC:  3    Str:  7    XL:     15   Next: 55%
Magic:  23/39      EV: 33    Int: 24    God:    Gozag
Gold:   4837       SH:  0    Dex: 24    Spells: 10/34 levels left
                                        Lives:  0   Deaths: 5

rFire   + . .        (weapon unavailable)
rCold   + . .        (shield unavailable)
rNeg    . . .        (body armour unavailable)
rPois   .            (helmet unavailable)
rElec   +            (cloak unavailable)
rCorr   +            (gloves unavailable)
SInv    +            (boots unavailable)
Will    ++...        g - amulet of regeneration
Stlth   ++++++       C - ring "Faech" {rElec rCorr MP+9 SInv}
HPRegen 1.14/turn    N - ring of Bitog {rF+ Str+3 Dex+5}
MPRegen 0.26/turn

%: no passive effects
@: no status effects
A: very small, claws 1, fangs 3, see invisible, shaggy fur 3, stealthy paws, no
weapons or thrown items, no armour, multi-lived
a: Renounce Religion, Potion Petition, Call Merchant, Bribe Branch


You were on level 14 of the Dungeon.
You worshipped Gozag.
Gozag was most pleased with you.
You visited 3 branches of the dungeon, and saw 21 of its levels.
You also visited: Ice Cave.

You collected 7567 gold pieces.
You spent 1838 gold pieces at shops.
You paid 892 gold pieces to Gozag.

Inventory:

Jewellery
 e - a ring of magical power
 g - an amulet of regeneration (around neck)
 i - a +6 ring of dexterity
 n - a ring of protection from fire
 t - an amulet of reflection
 v - a ring of resist corrosion
 w - a ring of magical power
 y - a +4 ring of slaying
 C - the ring "Faech" (left paw) {rElec rCorr MP+9 SInv}
   (You bought it in a shop on level 14 of the Dungeon)

   [ring of magical power]

   rElec:     It insulates you from electricity.
   MP+9:      It affects your magic capacity (+9).
   SInv:      It lets you see invisible.
   rCorr:     It protects you from acid and corrosion.
 F - a ring of flight
 H - a ring of positive energy
 I - a +6 ring of intelligence
 J - a ring of protection from cold
 L - a ring of protection from cold
 M - a ring of wizardry
 N - the ring of Bitog (right paw) {rF+ Str+3 Dex+5}
   (You bought it in a shop on level 2 of the Orcish Mines)

   [ring of protection from fire]

   Str+3:     It affects your strength (+3).
   Dex+5:     It affects your dexterity (+5).
   rF+:       It protects you from fire.
Wands
 m - a wand of polymorph (5)
 G - a wand of flame (17)
Scrolls
 b - 5 scrolls of vulnerability
 h - a scroll of immolation
 k - 4 scrolls of noise
 l - 2 scrolls of teleportation
 o - 3 scrolls of fear
 A - a scroll of amnesia
 B - 2 scrolls of revelation
 D - 3 scrolls of silence
 E - 2 scrolls of fog
 K - 2 scrolls of poison
Potions
 a - a potion of magic
 c - 6 potions of enlightenment
 d - 4 potions of curing
 f - 2 potions of haste
 j - a potion of resistance
 p - a potion of lignification
 q - a potion of heal wounds
 r - 3 potions of might
 s - 4 potions of brilliance
 u - 5 potions of mutation
 x - a potion of attraction
 z - a potion of ambrosia


   Skills:
 + Level 11.8 Fighting
 + Level 15.4 Dodging
 - Level 13.2 Stealth
 + Level 10.2 Spellcasting
 + Level 8.5 Hexes
 - Level 12.0 Summonings
 - Level 5.0 Translocations
 - Level 5.0 Fire Magic
 - Level 7.0 Air Magic
 + Level 8.2 Alchemy


You had 10 spell levels left.
You knew the following spells:

 Your Spells              Type           Power      Damage    Failure   Level
a - Summon Small Mammal   Summ           100%       N/A       1%          1
b - Call Imp              Summ           100%       N/A       1%          2
c - Call Canine Familiar  Summ           63%        N/A       1%          3
d - Summon Blazeheart Go  Fire/Summ      52%        N/A       1%          4
e - Summon Lightning Spi  Summ/Air       55%        N/A       1%          4
B - Blink                 Tloc           72%        N/A       1%          2
I - Inner Flame           Hex/Fire       44%        N/A       1%          3
Y - Yara's Violent Unrav  Hex/Alch       25%        3d11      4%          5

Your spell library contained the following spells:

 Spells                   Type           Power      Damage    Failure   Level
 Apportation              Tloc           72%        N/A       1%          1
 Slow                     Hex            100%       N/A       1%          1
 Jinxbite                 Hex            100%       N/A       1%          2
 Lesser Beckoning         Tloc           72%        N/A       1%          2
 Static Discharge         Conj/Air       58%        3-6/arc   1%          2
 Confusing Touch          Hex            52%        N/A       1%          3
 Sigil of Binding         Hex            52%        N/A       1%          3
 Tukima's Dance           Hex            52%        N/A       1%          3
 Volatile Blastmotes      Fire/Tloc      72%        2d16      1%          3
 Cause Fear               Hex            26%        N/A       1%          4
 Momentum Strike          Conj/Tloc      48%        3d9       2%          2
 Airstrike                Air            22%        2d(4-20)  3%          4
 Alistair's Intoxication  Alch           34%        N/A       4%          5
 Kiss of Death            Conj/Necr      48%        2d9       5%          1
 Silence                  Hex/Air        24%        N/A       6%          5
 Manifold Assault         Tloc           36%        N/A       7%          4
 Passage of Golubria      Tloc           36%        N/A       7%          4
 Anguish                  Hex/Necr       16%        N/A       9%          4
 Fulminant Prism          Conj/Alch      16%        3d10      10%         4
 Fugue of the Fallen      Necr           12%        N/A       16%         3
 Ozocubu's Armour         Ice            12%        N/A       16%         3
 Stone Arrow              Conj/Erth      24%        3d8       16%         3
 Vampiric Draining        Necr           12%        2d6       16%         3
 Iskenderun's Mystic Bla  Conj/Tloc      24%        2d7       19%         4
 Irradiate                Conj/Alch      16%        3d17      26%         5
 Dispel Undead            Necr           12%        3d9       45%         4
 Enfeeble                 Hex            26%        N/A       78%         7
 Spellforged Servitor     Conj/Summ      20%        N/A       98%         7
 Orb of Destruction       Conj           6%         9d6       100%        7
 Ozocubu's Refrigeration  Ice            6%         4d8       100%        7
 Ignition                 Fire           18%        3d7       100%        8
 Lehudib's Crystal Spear  Conj/Erth      6%         10d3      100%        8
 Polar Vortex             Ice            6%         N/A       100%        9
 Animate Armour           Summ/Erth      Unusable   N/A       N/A         4
 Sculpt Simulacrum        Ice/Alch       Unusable   N/A       N/A         6

Dungeon Overview and Level Annotations

Branches:
Dungeon (14/15)            Temple (0/1) D:6            Lair (5/5) D:11
  Swamp (0/4) Lair:3       Spider (0/4) Lair:3        Slime (0/5) Lair:4
    Orc (2/2) D:10            Elf (0/3) Orc:2        Vaults (0/5) D:14
  IceCv (visited)

Altars:
Ashenzari
Cheibriados
Dithmenos
Fedhas
Gozag
Hepliaklqana
Kikubaaqudgha
Makhleb
Nemelex Xobeh
Okawaru
Sif Muna
Uskayaw
Xom
The Shining One
Jiyva

Shops:
D:1 (   D:14 (=   Orc:1 (   Orc:2 ?[***

Portals:
Trove: D:12 (give 4 scrolls of blinking)

Annotations:
D:6 1 runed translucent door, Crazy Yiuf
D:13 3 runed translucent doors, exclusion: downstairs, TheScarfBastard's ghost, journeyman MiBe
D:14 Snorg


Innate Abilities, Weirdness & Mutations

You have sharp claws.
You have razor-sharp teeth.
You have supernaturally acute eyesight. (SInv)
Your thick and shaggy fur keeps you warm. (AC +3, rC+)
Your paws help you pounce on unaware monsters.
You are incapable of wielding weapons or throwing items.
You cannot wear armour.
You gain extra lives every three experience levels.


Message History

Snorg barely misses you. x2; Snorg closely misses you.
The water elemental is engulfed in blazing flames.
Your lightning spire shoots out a bolt of lightning at Snorg!
The bolt of electricity hits Snorg! x2
Snorg bites your lightning spire!
Snorg claws your lightning spire but does no damage. x2
The water elemental is engulfed in blazing flames.
Snorg bites your lightning spire!
Snorg barely misses your lightning spire.
Snorg claws your lightning spire!
Your lightning spire is destroyed!
Your lightning spire disappears in a puff of smoke!
Snorg shouts!
You scratch Snorg.
Snorg is almost dead.
Snorg misses you. Snorg completely misses you.
Snorg claws you but does no damage.
Casting: Summon Lightning Spire (mildly dangerous; 1% risk of failure)
Confirm with . or Enter, or press ? or * to list all spells.
A fiery spirit appears, bound in slag iron.
Snorg misses you. Snorg claws you! Snorg claws you!!
The water elemental barely misses you. Snorg completely misses you. x2
Snorg misses you.
Casting: Summon Blazeheart Golem (dangerous; 1% risk of failure)
Confirm with . or Enter, or press ? or * to list all spells.
A fiery spirit appears, bound in slag iron.
Your blazeheart golem disappears in a puff of smoke!
Snorg completely misses you. x2; Snorg misses you.
The water elemental misses you. Snorg attacks as she pursues you!
Snorg misses you. Snorg claws you! Snorg completely misses you.
The water elemental attacks as it pursues you!
The water elemental completely misses you.
Snorg bites you!!
* * * LOW HITPOINT WARNING * * *
Snorg claws you!
* * * LOW HITPOINT WARNING * * *
Snorg claws you.
You die...
Your body crumbles into a pile of gold.

##.#.#.###.##.....#
#...#.....######.#
########### #.# #.###
#...# ###.# # ### #.# #
#...######§# ≈ ######
.#....@T..#######.~~~
......
.∩.....9E...>.......~.
..#
###.######.....#####.###
#.# .. #............ #.#
.### #.#.#####.###
#.#####.#.. #.#.. .#
........#.### # ### #
#.#.#..##.#.#
#.#.....#...# ###
########..


You could see Snorg (berserk, ally target), a water elemental and a friendly
blazeheart golem (summoned).

Vanquished Creatures
  Jorgrun (Orc:2)
  Donald (Orc:2)
  4 hydras
  A merfolk avatar (Lair:5)
  Erica (Lair:2)
  A boulder beetle (Lair:2)
  3 ogre magi (Orc:2)
  12 two-headed ogres
  2 skeletal warriors (D:11)
  2 skysharks
  An orc knight (D:14)
  9 ugly things
  5 manticores
  An orc sorcerer (Orc:1)
  3 cyclopes
  An ice statue (IceCv)
  9 elephants
  2 torpor snails
  3 black mambas (Lair:5)
  2 kobold blastminers (Orc:1)
  The ghost of Bediveer the Shooter, a novice DrHu of Elyvilon (D:5)
  12 cane toads
  3 orange demons (Orc:1)
  3 rime drakes (IceCv)
  2 gargoyles
  A kobold demonologist (D:13)
  2 komodo dragons
  2 ice devils (Lair:4)
  3 trolls
  A hornet (D:7)
  2 wind drakes (Lair:5)
  4 polar bears
  A raiju (Orc:2)
  3 blink frogs (Lair:2)
  4 dream sheep (Lair:5)
  7 slime creatures
  2 shadows (D:11)
  8 humans (D:14)
  A vampire (D:10)
  A basilisk (D:14)
  30 yaks
  A warg (Orc:2)
  4 vampire mosquitoes (D:13)
  Edmund (D:6)
  5 water moccasins
  9 orc warriors
  6 ogres (Orc:2)
  5 wolves (Lair:1)
  A kobold brigand (D:6)
  3 nameless horrors
  2 bullfrogs
  A necrophage (D:4)
  2 scorpions (Orc:1)
  4 wights
  A hornet simulacrum (D:14)
  3 electric eels (Lair:3)
  A komodo dragon simulacrum (IceCv)
  An orc priest (Orc:2)
  A sleepcap (D:4)
  An orc wizard (D:8)
  A scorpion zombie (D:4)
  2 acid dragon simulacra (IceCv)
  2 adders
  An ufetubus (D:7)
  A steam dragon simulacrum (IceCv)
  9 orcs
  2 endoplasms (D:4)
  A giant cockroach (D:4)
  2 hobgoblins
  A jackal (D:2)
  3 ball pythons
  3 bats
  A frilled lizard (D:3)
  4 kobolds
  A rat (D:3)
243 creatures vanquished.

Vanquished Creatures (collateral kills)
  Nessos (D:14)
  A white draconian (IceCv)
  A hydra (Lair:5)
  An ogre mage (Orc:2)
  2 catoblepae
  A centaur warrior (D:14)
  6 two-headed ogres (Orc:2)
  Urug (Orc:1)
  Sonja (Orc:2)
  2 skeletal warriors (D:11)
  2 skysharks
  A bog body (Lair:3)
  2 harpies (Lair:5)
  An orc knight (Orc:1)
  3 manticores
  2 ugly things
  A cyclops (D:11)
  3 elephants
  3 black mambas
  2 orange demons
  4 cane toads
  A torpor snail (Lair:4)
  An unseen horror (D:12)
  3 komodo dragons
  6 rime drakes
  4 trolls
  A hornet (Lair:5)
  12 blink frogs
  A wind drake (Lair:5)
  3 dream sheep (Lair:5)
  A slime creature (D:12)
  4 shadows
  2 culicivoras (Lair:3)
  4 wyverns
  A warg (Orc:2)
  13 yaks
  8 humans (D:14)
  4 basilisks
  A wraith (D:10)
  2 vampire mosquitoes (D:13)
  A fire bat (Orc:2)
  2 steam dragons
  Grum (D:11)
  Menkaure (D:6)
  An acid dragon (D:14)
  A hell hound (Orc:2)
  6 water moccasins
  3 black bears (D:4)
  2 sky beasts
  7 orc warriors
  9 wolves
  15 ogres (Orc:2)
  3 centaurs
  3 nameless horrors
  3 phantoms
  4 bullfrogs
  4 kobold brigands
  A gnoll sergeant (D:11)
  A necrophage (D:4)
  8 scorpions
  A water moccasin zombie (D:4)
  6 killer bees (D:8)
  2 lindwurm simulacra (IceCv)
  3 howler monkeys
  A hound (D:6)
  A human zombie (D:4)
  A jelly (D:8)
  8 komodo dragon simulacra (IceCv)
  6 orc priests
  A bombardier beetle (D:7)
  A gnoll bouda (D:6)
  5 iguanas
  5 orc wizards
  3 scorpion zombies (D:4)
  A hound zombie (D:4)
  A mummy (D:4)
  8 gnolls
  3 acid dragon simulacra (IceCv)
  7 adders
  2 white imps
  An ufetubus (D:7)
  4 steam dragon simulacra (IceCv)
  An adder zombie (D:4)
  3 dart slugs
  4 ribbon worms
  42 orcs
  A bat (D:3)
  9 endoplasms
  A giant cockroach (D:3)
  6 goblins
  6 hobgoblins
  3 jackals
  4 quokkas
  4 ball pythons
  4 frilled lizards
  24 kobolds
  5 rats
377 creatures vanquished.

Vanquished Creatures (others)
  An orc (D:5)
  126 blazeheart cores
127 creatures vanquished.

Grand Total: 747 creatures vanquished

Notes
Turn   | Place    | Note
-------+----------+-------------------------------------------
     0 | D:1      | croobank the Felid Summoner began the quest for the Orb.
     0 | D:1      | Reached XP level 1. HP: 9/9 MP: 4/4
   262 | D:1      | Reached skill level 3 in Dodging
   275 | D:1      | Reached XP level 2. HP: 13/13 MP: 4/6
   294 | D:1      | Learned a level 2 spell: Call Imp
   762 | D:1      | Found Faqennug's Antique Weapon Shop.
   859 | D:1      | Reached XP level 3. HP: 12/16 MP: 2/7
   877 | D:1      | Learned a level 3 spell: Call Canine Familiar
   963 | D:1      | Found a faded altar of an unknown god.
  1383 | D:2      | Found a hazy altar of Hepliaklqana.
  1624 | D:2      | Reached XP level 4. HP: 21/21 MP: 8/8
  1624 | D:2      | Gained a life (2 lives remaining)
  2176 | D:3      | Found an opulent altar of Gozag.
  2184 | D:3      | Became a worshipper of Gozag Ym Sagoz the Greedy
  2414 | D:3      | Reached skill level 1 in Fighting
  2425 | D:3      | Found a shadowy altar of Dithmenos.
  2425 | D:3      | Found a burning altar of Makhleb.
  2783 | D:4      | Reached skill level 4 in Dodging
  2783 | D:4      | Reached XP level 5. HP: 25/25 MP: 10/10
  2792 | D:4      | Noticed a black bear
  2794 | D:4      | Noticed a black bear
  2803 | D:4      | Noticed a black bear
  2908 | D:4      | Learned a level 4 spell: Summon Blazeheart Golem
  2925 | D:5      | Entered Level 5 of the Dungeon
  3234 | D:4      | Killed a black bear
  3235 | D:4      | Gained mutation: You are covered in thick fur. (AC +2)
                  | [Felid growth]
  3235 | D:4      | Reached XP level 6. HP: 30/30 MP: 11/11
  3256 | D:4      | Reached skill level 5 in Stealth
  3256 | D:4      | Reached skill level 5 in Summonings
  3256 | D:4      | Reached skill level 1 in Fire Magic
  3375 | D:4      | Killed by an exploding blazeheart core
  3375 | D:4      | Lost a life (1 life remaining)
  3376 | D:4      | Reached skill level 5 in Dodging
  3376 | D:4      | Reached XP level 7. HP: 35/35 MP: 13/13
  3376 | D:4      | Gained a life (2 lives remaining)
  3499 | D:4      | Found an ancient bone altar of Kikubaaqudgha.
  4033 | D:5      | Noticed a steam dragon
  4172 | D:5      | Found a broken altar of Ashenzari.
  4376 | D:5      | Killed a steam dragon
  4377 | D:5      | Reached XP level 8. HP: 19/40 MP: 10/15
  4445 | D:5      | Reached skill level 6 in Dodging
  4479 | D:5      | Found an iron altar of Okawaru.
  4567 | D:5      | Found a runed translucent door.
  4570 | D:5      | Noticed Bediveer's ghost (novice DrHu)
  4587 | D:5      | Killed Bediveer's ghost
  4696 | D:5      | Learned a level 4 spell: Summon Lightning Spire
  5116 | D:6      | Noticed Menkaure
  5123 | D:6      | Killed Menkaure
  5476 | D:6      | Reached skill level 1 in Air Magic
  5712 | D:6      | Found a shimmering blue altar of Sif Muna.
  5733 | D:6      | Reached XP level 9. HP: 25/46 MP: 17/17
  5746 | D:6      | Reached skill level 7 in Dodging
  5883 | D:6      | Noticed Edmund
  5891 | D:6      | Found a staircase to the Ecumenical Temple.
  5897 | D:6      | Killed Edmund
  5898 | D:6      | Reached skill level 5 in Spellcasting
  6400 | D:6      | Found a runed translucent door.
  6401 | D:6      | Noticed Crazy Yiuf
  7240 | D:7      | Reached skill level 5 in Fighting
  7323 | D:7      | Found a blossoming altar of Fedhas.
  7411 | D:7      | Paralysed by a hornet for 3 turns
  7415 | D:7      | Slain by a hornet
  7415 | D:7      | Lost a life (1 life remaining)
  8061 | D:7      | Found a hide-covered altar of Uskayaw.
  8265 | D:8      | Found a sparkling altar of Nemelex Xobeh.
  8307 | D:8      | Reached skill level 8 in Dodging
  8907 | D:8      | Reached XP level 10. HP: 39/51 MP: 19/19
  8907 | D:8      | Gained a life (2 lives remaining)
  9177 | D:8      | Upgraded the game from 0.31-a0-1522-g43313d8a59 to
                  | 0.31-a0-1529-g7bd419a0e5
  9997 | D:9      | Found a glowing golden altar of the Shining One.
 10038 | D:9      | Identified the scarf "Xuwnaykk" {repulsion, +Inv rF+}
 10065 | D:10     | Entered Level 10 of the Dungeon
 10111 | D:10     | Found a hazy altar of Hepliaklqana.
 10296 | D:10     | Noticed a gargoyle
 10308 | D:10     | Killed a gargoyle
 10309 | D:10     | Reached skill level 5 in Fire Magic
 10750 | D:9      | Reached skill level 9 in Dodging
 10754 | D:9      | Learned a level 2 spell: Blink
 11548 | D:10     | Reached skill level 10 in Stealth
 11747 | D:10     | Found a staircase to the Orcish Mines.
 11877 | D:10     | Identified the +1 robe of the Endless Expanse {rF+ Will-
                  | Str+2}
 11931 | D:10     | Reached XP level 11. HP: 48/58 MP: 21/21
 12225 | D:11     | Noticed a red ugly thing
 12240 | D:11     | Killed a red ugly thing
 12410 | D:11     | Noticed a skeletal warrior
 12413 | D:11     | Noticed a skeletal warrior
 12428 | D:11     | Noticed a skeletal warrior
 12467 | D:11     | Noticed Grum
 12494 | D:11     | Reached skill level 1 in Translocations
 12690 | D:11     | Found a staircase to the Lair.
 12736 | D:11     | Killed Grum
 12914 | D:11     | Noticed a skeletal warrior
 13057 | D:11     | Killed a skeletal warrior
 13058 | D:11     | Reached skill level 10 in Dodging
 13070 | D:11     | Killed a skeletal warrior
 13070 | D:11     | Killed a skeletal warrior
 13071 | D:11     | Reached skill level 5 in Air Magic
 13077 | D:11     | Killed a skeletal warrior
 15105 | D:12     | Found a portal to a secret trove of treasure.
 15330 | D:13     | Noticed a catoblepas
 15509 | Lair:1   | Entered Level 1 of the Lair of Beasts
 15573 | Lair:1   | Gained mutation: Your thick and shaggy fur keeps you warm.
                  | (AC +3, rC+) [Felid growth]
 15573 | Lair:1   | Reached XP level 12. HP: 58/64 MP: 16/24
 15586 | Lair:1   | Reached skill level 5 in Translocations
 15946 | Lair:1   | Reached skill level 11 in Dodging
 16991 | Lair:2   | Noticed a boulder beetle
 17008 | Lair:2   | Killed a boulder beetle
 17333 | Lair:2   | Noticed Erica
 17390 | Lair:2   | Killed Erica
 17539 | Lair:2   | Noticed an eight-headed hydra
 17554 | Lair:2   | Killed an eight-headed hydra
 18240 | Lair:3   | Reached skill level 12 in Dodging
 18270 | Lair:3   | Reached XP level 13. HP: 59/70 MP: 22/26
 18361 | Lair:3   | Found a hole to the Spider Nest.
 19133 | Lair:3   | Found a runed translucent door.
 19525 | Lair:3   | Reached skill level 10 in Summonings
 19554 | Lair:3   | Found a staircase to the Swamp.
 19783 | Lair:4   | Found a frozen archway.
 19819 | IceCv    | Entered an ice cave
 19994 | IceCv    | Noticed a white draconian
 20002 | IceCv    | Learned a level 3 spell: Inner Flame
 20014 | IceCv    | Killed a white draconian
 20522 | Lair:4   | Engulfed by a cloud of flame
 20522 | Lair:4   | Lost a life (1 life remaining)
 20523 | Lair:4   | Found a staircase to the Slime Pits.
 20523 | Lair:4   | Found a viscous altar of Jiyva.
 21199 | Lair:5   | Entered Level 5 of the Lair of Beasts
 21238 | Lair:4   | Reached skill level 13 in Dodging
 21961 | Lair:4   | Reached skill level 10 in Spellcasting
 21967 | Lair:4   | HP: 2/72 [skyshark (5)]
 21976 | Lair:4   | Reached skill level 10 in Fighting
 22413 | Lair:5   | Reached XP level 14. HP: 77/77 MP: 16/29
 22413 | Lair:5   | Gained a life (2 lives remaining)
 22631 | Lair:5   | Reached skill level 14 in Dodging
 23199 | Lair:5   | Drowned by a drowned soul
 23199 | Lair:5   | Lost a life (1 life remaining)
 24879 | D:13     | Reached skill level 15 in Dodging
 25132 | D:13     | Found a runed translucent gate.
 25133 | D:13     | Found a runed translucent gate.
 25133 | D:13     | Found an ancient bone altar of Kikubaaqudgha.
 25134 | D:13     | Found a runed translucent gate.
 25135 | D:13     | Noticed a lich
 25135 | D:13     | Noticed TheScarfBastard's ghost (journeyman MiBe)
 25135 | D:13     | Noticed a lich
 25136 | D:13     | Noticed a lich
 25136 | D:13     | Noticed a lich
 25904 | Orc:1    | Entered Level 1 of the Orcish Mines
 25918 | Orc:1    | Learned a level 5 spell: Yara's Violent Unravelling
 26177 | Orc:1    | Found Syiria's Weapon Emporium.
 26202 | Orc:1    | Noticed Urug
 26216 | Orc:1    | Killed Urug
 26217 | Orc:1    | Reached skill level 1 in Hexes
 26231 | Orc:1    | Reached skill level 1 in Alchemy
 27173 | Orc:1    | Reached skill level 5 in Hexes
 27421 | Orc:2    | Entered Level 2 of the Orcish Mines
 27421 | Orc:2    | Found Sedod's General Store.
 27486 | Orc:2    | Noticed Jorgrun
 27497 | Orc:2    | Noticed Donald
 27503 | Orc:2    | Annihilated by Donald
 27503 | Orc:2    | Lost a life (0 lives remaining)
 27539 | Orc:2    | Killed Donald
 27544 | Orc:2    | Killed Jorgrun
 28252 | Orc:2    | Bought a scroll of fear for 52 gold pieces
 28252 | Orc:2    | Bought 2 potions of enlightenment for 130 gold pieces
 28252 | Orc:2    | Bought a wand of flame (2) for 18 gold pieces
 28278 | Orc:2    | Found a staircase to the Elven Halls.
 28292 | Orc:2    | Noticed Sonja
 28295 | Orc:2    | Killed Sonja
 28330 | Orc:2    | Reached skill level 5 in Alchemy
 28385 | Orc:2    | Reached XP level 15. HP: 84/84 MP: 2/30
 29642 | Orc:2    | Found a shimmering altar of Xom.
 29860 | Orc:2    | Found Fypt's Armour Shoppe.
 29860 | Orc:2    | Found Lyotan's Assorted Antiques.
 29861 | Orc:2    | Found Losoeguph's Magic Scroll Shop.
 29861 | Orc:2    | Found Fuog's Assorted Antiques.
 29996 | Orc:2    | Bought a scroll of vulnerability for 52 gold pieces
 29996 | Orc:2    | Bought a scroll of amnesia for 52 gold pieces
 29996 | Orc:2    | Bought a scroll of vulnerability for 52 gold pieces
 29996 | Orc:2    | Bought a scroll of silence for 123 gold pieces
 29996 | Orc:2    | Bought a scroll of silence for 123 gold pieces
 29996 | Orc:2    | Bought a scroll of silence for 123 gold pieces
 29997 | Orc:2    | Bought a vibrating amber ring for 140 gold pieces
 29997 | Orc:2    | Identified the ring of Bitog {rF+ Str+3 Dex+5} (You bought
                  | it in a shop on level 2 of the Orcish Mines)
 29997 | Orc:2    | Bought a scroll of immolation for 112 gold pieces
 29997 | Orc:2    | Bought a potion of might for 112 gold pieces
 30001 | Orc:2    | Bought a potion of heal wounds for 150 gold pieces
 30001 | Orc:2    | Bought a scroll labelled XILILI NIGE for 30 gold pieces
 30312 | D:14     | Found a gate to the Vaults.
 30339 | D:14     | Found a snail-covered altar of Cheibriados.
 30464 | D:14     | Noticed Nessos
 30488 | D:14     | Killed Nessos
 30874 | D:14     | Found Suvek's Jewellery Shop.
 30883 | D:14     | Bought the ring "Faech" {rElec rCorr MP+9 SInv} for 569
                  | gold pieces
 31087 | D:14     | Noticed Snorg
 31104 | D:14     | Found Omua's Antique Weapon Emporium.
 31109 | D:14     | HP: 3/84 [Snorg (17)]
 31109 | D:14     | Slain by Snorg

Illustrated notes

Levels and vault maps discovered:
D:1:      evilmike_arrival_rings, layout_basic,
          chequers_ecumenical_altar_simple, serial_shops, shop
D:2:      layout_rooms, basic_altar
D:3:      layout_rooms, mainiacjoe_overflow_small_starburst,
          chequers_temple_overflow_statue_of_worship, kennysheep_path_1,
          chequers_arboretum
D:4:      layout_cave_pools, lemuel_mausoleum_altar_kikubaaqudgha
D:5:      layout_basic, evilmike_ruin_ashenzari, mainiacjoe_overflow_brackets,
          ebering_ghost_reflecting_pool
D:6:      layout_loops_corners, nicolae_sif_muna_condensation, temple_hall,
          kennysheep_generic_room_14, uniq_crazy_yiuf_cottage, uniq_menkaure,
          uniq_edmund
D:7:      wander_river, layout_loops_cross, fedhas_altar_fruit_tree,
          nicolae_uskayaw_dance_studio
D:8:      layout_basic, old_standard_altar, dreamdust_mushroom_princess
D:9:      layout_basic, nicolae_tso_swordbearing_angel
D:10:     layout_long_grid, nicolae_hepliaklqana_hippocampus, orc_0_dummy,
          kennysheep_windowed_goal
D:11:     layout_rooms, dpeg_oklobed_lair, minmay_starry_boxes, uniq_grum
D:12:     layout_loops_cross, nicolae_trove_entry_isolated,
          chequers_serial_rivers_large_a, chequers_decorated_corner
D:13:     layout_irregular_city, gammafunk_ghost_crypt
D:14:     layout_basic, david_vaults_3, serial_shops, nicolae_square_shop,
          nicolae_shop_crystal, nicolae_shop_behind_doors,
          nicolae_shop_tiny_waterfront, cheibriados_altar_1, uniq_snorg
Lair:1:   layout_loops_ring
Lair:2:   layout_hall_layers, st_stairs_9, lemuel_fruit_fields, uniq_erica
Lair:3:   layout_regular_city, nicolae_swamp_entry_splash_gauntlet,
          spider_nest_entry_funnel_web, pf_torpor_hydra
Lair:4:   layout_misc_corridors, slime_entry_1, portal_ice_cave_demonic_guard,
          serial_bayou_shore_a, lemuel_fruit_fields, serial_bayou_shore_b
Lair:5:   gammafunk_lair_ancient_temple, layout_regular_city,
          grunt_megastairs_5, serial_bayou_shore_b
Orc:1:    layout_diamond_mine, serial_shops, nicolae_shop_bloodbath_and_beyond,
          einodemon_barbed_minivault, uniq_urug
Orc:2:    st_orc_ogre_mass, layout_diamond_mine, serial_shops, shop_fountains,
          regret_index_xom_of_box, uniq_sonja, uniq_donald, uniq_jorgrun

Skill      XL: |  1  2  3  4  5  6  7  8  9 10 11 12 13 14 15 |
---------------+----------------------------------------------+-----
Stealth        | 3 4 5 6 7 8 10 11 12 13 | 13.2
Dodging        | 3 4 5 6 8 9 10 12 13 15 | 15.4
Fighting       | 1 2 3 4 5 6 7 8 10 11 | 11.8
Spellcasting   | 3 4 5 6 7 8 10 | 10.2
Summonings     | 5 6 7 8 9 11 12 | 12.0
Fire Magic     | 1 2 3 4 5 |  5.0
Air Magic      | 1 3 4 5 6 7 |  7.0
Translocations | 4 5 |  5.0
Hexes          | 6 8 |  8.5
Alchemy        | 5 8 |  8.2

Action                     |  1- 3 |  4- 6 |  7- 9 | 10-12 | 13-15 || total
---------------------------+-------+-------+-------+-------+-------++-------
  Melee: Unarmed           |    23 |    34 |    81 |   139 |    89 ||   366
         Bite              |     5 |     2 |    12 |    27 |    17 ||    63
         Punch             |       |       |     1 |     1 |     1 ||     3
   Cast: Summon Small Mamm |    41 |    19 |    50 |    43 |     8 ||   161
         Call Imp          |    21 |    13 |    37 |    21 |    10 ||   102
         Call Canine Famil |       |    13 |    28 |    34 |    29 ||   104
         Summon Blazeheart |       |     2 |    21 |    72 |   118 ||   213
         Summon Lightning  |       |       |     3 |    51 |   128 ||   182
         Inner Flame       |       |       |       |       |    80 ||    80
         Blink             |       |       |       |       |    10 ||    10
         Yara's Violent Un |       |       |       |       |    11 ||    11
 Invoke: Potion Petition   |       |       |       |     1 |     1 ||     2
  Evoke: Wand              |       |       |     1 |     1 |    28 ||    30
    Use: Scroll            |       |     4 |     9 |    14 |    15 ||    42
         Potion            |       |     2 |     2 |     2 |    17 ||    23
   Stab: Sleeping          |       |     2 |    10 |     4 |     3 ||    19
         Distracted        |       |       |     2 |     5 |     3 ||    10
         Invisible         |       |       |       |       |     2 ||     2
 Armour: Skin              |    18 |    23 |    69 |    92 |   168 ||   370
  Dodge: Dodged            |    31 |    71 |   169 |   242 |   422 ||   935
  Block: Other             |       |       |       |    36 |     5 ||    41
         Reflection        |       |       |       |     1 |       ||     1

Table legend: (Time is in decaauts)
 A = Elapsed time spent in this place.
 B = Non-inter-level travel time spent in this place.
 C = Inter-level travel time spent in this place.
 D = Time resting spent in this place.
 E = Time spent auto-exploring this place.
 F = Levels seen in this place.
 G = Mean time per level.
                   A        B        C        D        E       F      G
               +--------+--------+--------+--------+--------+-----+--------+
         Total |  31208 |  29891 |   1317 |   8775 |  13039 |  22 | 1418.5 |
       Dungeon |  17778 |  16871 |    907 |   4590 |   7655 |  14 | 1269.9 |
          Lair |   8538 |   8277 |    261 |   2616 |   3557 |   5 | 1707.6 |
  Orcish Mines |   4286 |   4137 |    149 |   1350 |   1814 |   2 | 2143.0 |
      Ice Cave |    605 |    605 |      0 |    218 |     13 |   1 |  605.0 |
               +--------+--------+--------+--------+--------+-----+--------+

Top non-repeatable levels by time:
   Orc:2: 2579 daAuts
  Lair:5: 2433 daAuts
    D:10: 1909 daAuts
  Lair:4: 1895 daAuts
   Orc:1: 1706 daAuts
    D:12: 1675 daAuts
  Lair:3: 1631 daAuts
     D:6: 1503 daAuts
     D:7: 1464 daAuts
    D:13: 1392 daAuts
     D:9: 1374 daAuts
    D:11: 1350 daAuts
  Lair:1: 1340 daAuts
     D:5: 1329 daAuts
     D:1: 1253 daAuts
